[Event "Titled Tuesday Blitz February 28 Early 2023"]
[White "Heinemann, Josefine"]
[Black "Valgmae, Toomas"]
[WhiteFideId "12900460"]
[BlackFideId "4502523"]
[WhiteElo "2342"]
[BlackElo "2170"]
[Result "0-1"]
[Round "11"]
[TimeControl "180+2"]
[Date "2023.02.28"]
[WhiteClock "0:00:03"]
[BlackClock "0:00:24"]

1. e4 d6 2. d4 Nf6 3. Nc3 g6 4. f4 Bg7 5. Nf3 c5 6. Bb5+ Bd7 7. e5 Ng4 8. Bxd7+ Qxd7 9. O-O cxd4 10. Ne4 dxe5 11. fxe5 Nc6 12. e6 Qxe6 13. Nfg5 Qd7 14. Rxf7 Be5 15. h3 Nf6 16. Nxf6+ Bxf6 17. Rxh7 O-O-O 18. Rxh8 Rxh8 19. Nf3 e5 20. Bg5 Bxg5 21. Nxg5 Qf5 22. Qg4 Qxg4 23. hxg4 Rf8 24. Re1 Kd7 25. Nf3 Kd6 26. Nd2 Kd5 27. g5 Nb4 28. c3 Nd3 29. Rb1 Rf5 30. cxd4 exd4 31. Nf3 Ne5 32. Nd2 Rxg5 33. Rc1 Nc6 34. b3 Re5 35. Kf2 Re3 36. Nf1 Rc3 37. Rd1 Rc2+ 38. Kf3 Ne5+ 39. Kf4 Rf2+ 40. Kg3 Rxa2 41. Ne3+ Ke4 42. Nf1 Rb2 43. Nd2+ Kd5 44. Kf4 a5 45. Kg5 b5 46. Kf6 a4 47. bxa4 bxa4 48. Nf3 Nxf3 49. gxf3 Rg2 50. Ra1 d3 51. Rxa4 d2 52. Ra8 Kc4 53. Rd8 Kc3 54. f4 Kc2 55. Rc8+ Kd1 56. Rd8 Ke1 57. Re8+ Kf2 58. Rd8 Ke3 59. Ke5 Rg1 0-1


[Site "https://www.chess.com"]

[Event "Titled Tuesday Blitz February 28 Early 2023"]
[White "Kavutskiy, Konstantin"]
[Black "Buscar, Michael"]
[WhiteFideId "2026384"]
[BlackFideId "2603616"]
[WhiteElo "2369"]
[BlackElo "2010"]
[Result "1-0"]
[Round "11"]
[TimeControl "180+2"]
[Date "2023.02.28"]
[WhiteClock "0:01:02"]
[BlackClock "0:00:51"]

1. d4 Nf6 2. Bg5 e6 3. Nd2 d6 4. e4 Be7 5. Bd3 e5 6. Ngf3 Bg4 7. h3 Bxf3 8. Nxf3 Nbd7 9. c3 c6 10. O-O O-O 11. a4 a5 12. Qe2 Re8 13. Rad1 Qc8 14. dxe5 dxe5 15. Bc4 Qc7 16. Kh1 Nf8 17. Be3 Ng6 18. Bxf7+ Kxf7 19. Ng5+ Kg8 20. Qc4+ Nd5 21. exd5 Bxg5 22. dxc6+ Qf7 23. Qxf7+ Kxf7 24. cxb7 Rab8 25. Bxg5 Rxb7 26. Rd2 Reb8 27. Rfd1 Rxb2 28. Rd7+ Ke6 29. R1d6+ Kf5 30. Be3 Ra2 31. Rxg7 Rxa4 32. Rxh7 Nf4 33. f3 Ra2 34. g4+ 1-0


[Site "https://www.chess.com"]

[Event "Titled Tuesday Blitz February 28 Early 2023"]
[White "Melikhov, Evgeny V."]
[Black "Womacka, Mathias"]
[WhiteFideId "4122046"]
[BlackFideId "4611390"]
[WhiteElo "2158"]
[BlackElo "2377"]
[Result "1/2-1/2"]
[Round "11"]
[TimeControl "180+2"]
[Date "2023.02.28"]
[WhiteClock "0:00:23"]
[BlackClock "0:00:51"]

1. d4 Nf6 2. c4 e6 3. Nc3 Bb4 4. Qc2 c5 5. dxc5 O-O 6. a3 Bxc5 7. Nf3 b6 8. e3 Bb7 9. Be2 Be7 10. b3 d6 11. Bb2 Nbd7 12. g4 Nxg4 13. Rg1 Ngf6 14. O-O-O Nc5 15. h4 Nfe4 16. Nxe4 Bxe4 17. Rxg7+ Kh8 18. Rg4+ Bf6 19. Rxe4 Bxb2+ 20. Qxb2+ e5 21. Rg4 Qf6 22. Rdg1 Rg8 23. Rxg8+ Rxg8 24. Rxg8+ Kxg8 25. Kb1 Qg6+ 26. Ka2 Qg2 27. b4 Na4 28. Qd2 Qxf2 29. Kb3 b5 30. cxb5 Nb6 31. Ng5 d5 32. Qc2 Qxe3+ 33. Ka2 e4 34. Bh5 Nc4 35. Bxf7+ Kg7 36. Bxd5 Qxa3+ 37. Kb1 Qxb4+ 38. Ka2 Qa3+ 39. Kb1 Qb4+ 40. Ka2 Qa3+ 41. Kb1 Qb4+ 1/2-1/2


[Site "https://www.chess.com"]

[Event "Titled Tuesday Blitz February 28 Early 2023"]
[White "Lauridsen, Jesper Morch"]
[Black "Rottenwohrer Suarez, Juan"]
[WhiteFideId "1401890"]
[BlackFideId "32068182"]
[WhiteElo "2280"]
[BlackElo "2174"]
[Result "1-0"]
[Round "11"]
[TimeControl "180+2"]
[Date "2023.02.28"]
[WhiteClock "0:00:10"]
[BlackClock "0:00:02"]

1. e4 c5 2. Nf3 g6 3. d4 cxd4 4. Qxd4 Nf6 5. Nc3 Nc6 6. Qa4 d6 7. e5 dxe5 8. Nxe5 Bd7 9. Nxc6 Bxc6 10. Bb5 Rc8 11. Qxa7 Qc7 12. O-O Bg7 13. Bxc6+ Qxc6 14. Be3 O-O 15. Qb6 Ng4 16. Qxc6 Rxc6 17. Rad1 Nxe3 18. fxe3 Bxc3 19. bxc3 Rxc3 20. Rd7 Rxe3 21. Rxb7 Rc8 22. Rc1 Re2 23. Kf1 Rexc2 24. Rxc2 Rxc2 25. Rxe7 Rxa2 26. h4 h5 27. Rb7 Kg7 28. Rb6 Rd2 29. Ra6 Rd5 30. Rb6 Rf5+ 31. Ke2 Rf6 32. Rb5 Re6+ 33. Kf3 Kf6 34. g3 Ra6 35. Rc5 Re6 36. Rb5 Re5 37. Rb7 Ra5 38. Rc7 Ke6 39. Rb7 Rf5+ 40. Ke3 Kd5 41. Rb5+ Ke6 42. Rb6+ Ke5 43. Rb5+ Kf6 44. Rb6+ Ke7 45. Ra6 Rf6 46. Ra7+ Ke6 47. Ra5 Rf1 48. Ra6+ Kf5 49. Ra4 Rb1 50. Kf2 Rb2+ 51. Kf3 Rb3+ 52. Kf2 Rd3 53. Rf4+ Ke6 54. Ra4 f6 55. Ra5 Rd5 56. Ra6+ Kf5 57. Rb6 Rd4 58. Rc6 Kg4 59. Rxf6 Rd2+ 60. Ke3 Rg2 61. Rxg6+ Kh3 62. Kf4 Rf2+ 63. Kg5 Kxg3 64. Kxh5+ Kh3 65. Rg5 Rf6 66. Re5 Kg3 67. Re3+ Kf4 68. Re1 Ra6 69. Rf1+ Ke5 70. Kg5 Ra2 71. Re1+ Kd6 72. h5 Rg2+ 73. Kf6 Rh2 74. Kg6 Rg2+ 75. Kh7 Rh2 76. h6 Rg2 77. Kh8 Rh2 78. h7 Rg2 79. Re8 Kd7 80. Rg8 Rh2 81. Kg7 Rg2+ 82. Kf6 Rf2+ 83. Ke5 Re2+ 84. Kd4 Rd2+ 85. Kc3 1-0


[Site "https://www.chess.com"]

[Event "Titled Tuesday Blitz February 28 Early 2023"]
[White "Mazurkiewicz, Michal"]
[Black "Lorenzo De La Riva, Lazaro"]
[WhiteFideId "1124943"]
[BlackFideId "2268809"]
[WhiteElo "2054"]
[BlackElo "2294"]
[Result "1-0"]
[Round "11"]
[TimeControl "180+2"]
[Date "2023.02.28"]
[WhiteClock "0:01:19"]
[BlackClock "0:00:11"]

1. e4 Nf6 2. d3 d5 3. Nd2 c5 4. Ngf3 Nc6 5. g3 g6 6. Bg2 e6 7. O-O Bg7 8. Re1 h6 9. h4 b6 10. c3 a5 11. e5 Nd7 12. d4 b5 13. a4 b4 14. c4 O-O 15. cxd5 exd5 16. e6 fxe6 17. Rxe6 Ne7 18. Qe2 Nf5 19. Rxg6 Nf6 20. dxc5 Kh7 21. Ne5 Nd4 22. Qd3 Bf5 23. Rxg7+ Kxg7 24. Qxd4 Qe7 25. Ndf3 Rae8 26. g4 Be4 27. g5 hxg5 28. Bxg5 Kg8 29. Ng4 Qe6 30. Nxf6+ Rxf6 31. Qxf6 Qg4 32. Qf4 Qxf4 33. Bxf4 Rf8 34. Bg3 Bxf3 35. Bxf3 Rxf3 36. c6 Rf6 37. c7 Rc6 38. Rd1 Kf7 39. Rxd5 Ke6 40. Rd8 1-0


[Site "https://www.chess.com"]

[Event "Titled Tuesday Blitz February 28 Early 2023"]
[White "Alahakoon, Isuru"]
[Black "Rose, Felix"]
[WhiteFideId "9900993"]
[BlackFideId "5105722"]
[WhiteElo "1995"]
[BlackElo "2039"]
[Result "1-0"]
[Round "11"]
[TimeControl "180+2"]
[Date "2023.02.28"]
[WhiteClock "0:00:57"]
[BlackClock "0:01:28"]

1. Nf3 d5 2. e3 Nf6 3. c4 e6 4. b3 Be7 5. Bb2 O-O 6. Nc3 b6 7. cxd5 Nxd5 8. Qc2 Bb7 9. a3 Nxc3 10. Bxc3 Bf6 11. Bd3 g6 12. h4 c5 13. h5 Nd7 14. hxg6 hxg6 15. Bxg6 Bxc3 16. dxc3 Bxf3 17. gxf3 Ne5 18. Be4 f5 19. Bxa8 Qxa8 20. O-O-O Qxf3 21. Qd2 Kf7 22. Rh7+ Kf6 23. Qd6 Qxf2 24. Qxf8+ 1-0


[Site "https://www.chess.com"]

[Event "Titled Tuesday Blitz February 28 Early 2023"]
[White "Filgueira, Hernan"]
[Black "Burke, John F"]
[WhiteFideId "101770"]
[BlackFideId "2052970"]
[WhiteElo "2363"]
[BlackElo "2248"]
[Result "1-0"]
[Round "11"]
[TimeControl "180+2"]
[Date "2023.02.28"]
[WhiteClock "0:00:13"]
[BlackClock "0:00:06"]

1. c4 e5 2. Nc3 d6 3. Nf3 g6 4. d4 exd4 5. Nxd4 Bg7 6. g3 Ne7 7. Bg2 O-O 8. O-O Nd7 9. e3 Ne5 10. b3 c6 11. Bb2 Qc7 12. Qc2 Nf5 13. Nde2 Re8 14. Rad1 Be6 15. Nf4 Bd7 16. h3 h5 17. e4 Nh6 18. Nfd5 cxd5 19. Nxd5 Qd8 20. f4 Nc6 21. Bxg7 Kxg7 22. Qc3+ Kf8 23. Qh8+ Ng8 24. e5 Re6 25. f5 gxf5 26. Rxf5 Nxe5 27. Rxh5 Ng6 28. Qd4 Bc6 29. Rf1 Bxd5 30. Bxd5 Rf6 31. Rhf5 Ne5 32. c5 Rxf5 33. Rxf5 Nh6 34. Rh5 Qf6 35. Qe3 Nf5 36. Qf4 Ng6 37. Qxf5 Qd4+ 38. Kh2 Ne5 39. Bg2 d5 40. Rh8+ Ke7 41. Rxa8 Qxc5 42. Qxe5+ 1-0


[Site "https://www.chess.com"]

[Event "Titled Tuesday Blitz February 28 Early 2023"]
[White "Khamdamova, Afruza"]
[Black "Fan_Of_Chucky"]
[WhiteFideId "14210444"]
[WhiteElo "2210"]
[BlackElo "2399"]
[Result "0-1"]
[Round "11"]
[TimeControl "180+2"]
[Date "2023.02.28"]
[WhiteClock "0:01:46"]
[BlackClock "0:02:09"]

1. e4 c5 2. Nf3 a6 3. c4 Nc6 4. d4 cxd4 5. Nxd4 e5 6. Nf5 d5 7. cxd5 Bxf5 8. exf5 Nd4 9. Nc3 Nf6 10. Bd3 Be7 11. O-O Nxd5 12. Be4 Nf6 13. Bxb7 Ra7 14. Qa4+ Nd7 15. Be4 O-O 16. Be3 Nc5 17. Qc2 Nxc2 0-1


[Site "https://www.chess.com"]

[Event "Titled Tuesday Blitz February 28 Early 2023"]
[White "Valle Maytin, Luis Enrique"]
[Black "Berkes, Ferenc"]
[WhiteFideId "3503666"]
[BlackFideId "718572"]
[WhiteElo "2225"]
[BlackElo "2664"]
[Result "1-0"]
[Round "11"]
[TimeControl "180+2"]
[Date "2023.02.28"]
[WhiteClock "0:00:50"]
[BlackClock "0:00:43"]

1. e4 g6 2. d4 Bg7 3. f4 d6 4. Nf3 Nf6 5. Bd3 O-O 6. O-O c5 7. c3 cxd4 8. cxd4 Nc6 9. e5 dxe5 10. dxe5 Nd5 11. Be4 Qb6+ 12. Kh1 Ne3 13. Bxe3 Qxe3 14. Nc3 Rd8 15. Qc1 Qxc1 16. Raxc1 Bd7 17. a3 Rac8 18. Nd5 Be6 19. Rxc6 Rxc6 20. Nxe7+ Kf8 21. Nxc6 bxc6 22. Bxc6 f6 23. b4 Rd3 24. a4 Rc3 25. b5 Bc4 26. Rb1 Bd3 27. Rd1 Be2 28. Rd8+ Kf7 29. Rd7+ Kf8 30. e6 Bxf3 31. gxf3 Re3 32. Rxa7 Rxe6 33. Ra8+ Ke7 34. Re8+ Kd6 35. Rxe6+ Kxe6 36. a5 Kd6 37. a6 1-0


[Site "https://www.chess.com"]

[Event "Titled Tuesday Blitz February 28 Early 2023"]
[White "Petrova, Irina"]
[Black "Toncheva, Nadya"]
[WhiteFideId "14124122"]
[BlackFideId "2924056"]
[WhiteElo "2084"]
[BlackElo "2101"]
[Result "1-0"]
[Round "11"]
[TimeControl "180+2"]
[Date "2023.02.28"]
[WhiteClock "0:00:51"]
[BlackClock "0:00:07"]

1. e4 c5 2. Nf3 Nc6 3. Bb5 e6 4. Bxc6 bxc6 5. O-O d6 6. b3 e5 7. Bb2 g6 8. d3 Bg7 9. Nbd2 Ne7 10. Nc4 O-O 11. c3 Bg4 12. h3 Be6 13. Qe2 Rb8 14. Rad1 h6 15. d4 exd4 16. cxd4 Nc8 17. d5 cxd5 18. exd5 Bf5 19. Bxg7 Kxg7 20. Rfe1 Nb6 21. Nxb6 axb6 22. a4 b5 23. axb5 Qa5 24. Nd2 Rfe8 25. Qf1 Rxe1 26. Qxe1 Qxb5 27. Nc4 Qxb3 28. Nxd6 Qxd1 29. Nxf5+ gxf5 30. Qxd1 Rd8 31. d6 Kf6 32. Qd5 c4 33. Qc6 Ke6 34. Qxc4+ Kxd6 35. Qd3+ Ke7 36. Qxf5 Rd6 37. Kh2 Kf8 38. Qc5 Ke7 39. f4 Ke6 40. f5+ Kd7 41. Kg3 Rf6 42. Kg4 Ke8 43. Qc8+ Ke7 44. Qc7+ Kf8 45. Qd8+ Kg7 46. Qd4 h5+ 47. Kxh5 Kg8 48. Qxf6 Kf8 49. Kh6 Ke8 50. Kg7 Kd7 51. Qxf7+ 1-0


[Site "https://www.chess.com"]

[Event "Titled Tuesday Blitz February 28 Early 2023"]
[White "Fernandez Garcia, Gumersindo"]
[Black "Kalajzic, Ivan"]
[WhiteFideId "24516740"]
[BlackFideId "14506378"]
[WhiteElo "2093"]
[BlackElo "2203"]
[Result "0-1"]
[Round "11"]
[TimeControl "180+2"]
[Date "2023.02.28"]
[WhiteClock "0:00:12"]
[BlackClock "0:00:12"]

1. e4 Nc6 2. d4 e5 3. c3 Nf6 4. f3 d5 5. dxe5 Nxe5 6. exd5 Qxd5 7. Qxd5 Nxd5 8. Ne2 Nd3+ 9. Kd2 Nxc1 10. Nxc1 Bf5 11. Bd3 Bxd3 12. Nxd3 O-O-O 13. Kc2 Ne3+ 14. Kd2 Nxg2 15. Rd1 Nf4 16. Kc2 Nxd3 17. Rxd3 Rxd3 18. Kxd3 Bd6 19. h3 Rd8 20. Ke2 Bf4 21. a4 a5 22. b4 axb4 23. cxb4 Rd4 24. b5 Kd7 25. Ra2 Kd6 26. Nc3 f5 27. a5 Kc5 28. a6 bxa6 29. bxa6 Rd8 30. a7 Ra8 31. Kd3 c6 32. Ra6 Bc7 33. Kc2 g5 34. Kd3 h5 35. Kc2 g4 36. hxg4 fxg4 37. fxg4 hxg4 38. Ra4 g3 39. Ne4+ Kb5 40. Nc3+ Kb6 41. Rg4 Rxa7 42. Kb3 Ra1 43. Ne4 Re1 44. Kc4 g2 45. Rxg2 Rxe4+ 46. Kd3 Rh4 47. Rb2+ Kc5 48. Rc2+ Kd5 49. Rg2 Rh3+ 50. Kc2 Be5 51. Rg8 Kc4 52. Re8 Bd4 53. Re2 Rf3 54. Re4 Rf2+ 55. Kd1 c5 56. Rg4 Ra2 57. Rg3 Kd5 58. Rh3 Ke4 59. Rg3 Be3 60. Rg8 Kd3 61. Rd8+ Bd4 62. Kc1 c4 63. Rb8 Ra1+ 64. Rb1 Rxb1+ 65. Kxb1 Kd2 66. Ka2 c3 67. Kb1 c2+ 68. Ka2 c1=Q 0-1


[Site "https://www.chess.com"]

[Event "Titled Tuesday Blitz February 28 Early 2023"]
[White "Matveeva, Olga"]
[Black "Novikov, Evgenij"]
[WhiteFideId "24107018"]
[BlackFideId "4125380"]
[WhiteElo "2056"]
[BlackElo "2242"]
[Result "0-1"]
[Round "11"]
[TimeControl "180+2"]
[Date "2023.02.28"]
[WhiteClock "0:00:03"]
[BlackClock "0:00:28"]

1. d4 f5 2. c4 d6 3. Nf3 g6 4. g3 Bg7 5. Bg2 Nc6 6. O-O e5 7. dxe5 dxe5 8. Qxd8+ Nxd8 9. Nc3 c6 10. Rd1 Be6 11. b3 e4 12. Nd4 c5 13. Nxe6 Nxe6 14. Bb2 Nd4 15. Kf1 Nf6 16. e3 Nc6 17. Nd5 O-O 18. Nc7 Rad8 19. Ne6 Rxd1+ 20. Rxd1 Re8 21. Nxg7 Kxg7 22. Rd6 Ne5 23. Ke2 Kf7 24. f4 exf3+ 25. Bxf3 b6 26. Bc6 Re6 27. Rxe6 Kxe6 28. Bb7 Nfg4 29. h3 Nf6 30. Bc8+ Kd6 31. Bb7 Nh5 32. g4 fxg4 33. Bxe5+ Kxe5 34. hxg4 Nf6 35. Kf3 g5 36. Bc6 h6 37. Bd7 Nxd7 0-1


[Site "https://www.chess.com"]

[Event "Titled Tuesday Blitz February 28 Early 2023"]
[White "Omariev, Maksim"]
[Black "Skaric, Djuro"]
[WhiteFideId "4193423"]
[BlackFideId "934569"]
[WhiteElo "2460"]
[BlackElo "2282"]
[Result "1-0"]
[Round "11"]
[TimeControl "180+2"]
[Date "2023.02.28"]
[WhiteClock "0:01:12"]
[BlackClock "0:01:19"]

1. g4 d6 2. Bg2 Nc6 3. h3 f5 4. g5 g6 5. d4 Bg7 6. d5 Ne5 7. Nc3 e6 8. Nf3 exd5 9. Nxd5 c6 10. Nf4 Nxf3+ 11. Bxf3 Ne7 12. c3 Qc7 13. Be3 d5 14. Qa4 O-O 15. h4 Be5 16. Nd3 f4 17. Bd2 b5 18. Qb3 Bf5 19. Nxe5 Qxe5 20. O-O-O a5 21. h5 Rab8 22. Rh4 Rf7 23. Bxf4 Qe6 24. Bxb8 Nc8 25. Rxd5 a4 26. Rd8+ Rf8 27. Qxe6+ Bxe6 28. Rxf8+ Kxf8 29. hxg6 1-0


[Site "https://www.chess.com"]

[Event "Titled Tuesday Blitz February 28 Early 2023"]
[White "Goltseva, Ekaterina"]
[Black "Tiarks, Jann-Christian"]
[WhiteFideId "24173770"]
[BlackFideId "12951595"]
[WhiteElo "2200"]
[BlackElo "2194"]
[Result "1-0"]
[Round "11"]
[TimeControl "180+2"]
[Date "2023.02.28"]
[WhiteClock "0:01:26"]
[BlackClock "0:00:03"]

1. d4 c5 2. Nf3 cxd4 3. Qxd4 Nc6 4. Qd1 d5 5. g3 Nf6 6. Bg2 Bg4 7. O-O e6 8. b3 Be7 9. Bb2 O-O 10. Nbd2 Rc8 11. c4 Na5 12. Ne5 Bh5 13. cxd5 Nxd5 14. Ndf3 Bf6 15. Qd2 Nc6 16. e4 Ndb4 17. Nxc6 Qxd2 18. Nxd2 Rxc6 19. e5 Be7 20. Bxc6 Nxc6 21. f3 Bg6 22. Nc4 Bc5+ 23. Kg2 b5 24. Nd6 Bxd6 25. exd6 Nb4 26. Rad1 Rd8 27. d7 Nd3 28. Rd2 Nxb2 29. Rxb2 Rxd7 30. Rff2 h6 31. Rfd2 Rc7 32. Rd8+ Kh7 33. Rbd2 Bf5 34. R8d7 Rc3 35. Rxa7 Bg6 36. a4 Rxb3 37. a5 Ra3 38. Rb2 Bd3 39. Ra8 Kg6 40. Kf2 Ra4 41. Ke3 Bc4 42. a6 Ra3+ 43. Kd4 Rxf3 44. Kc5 Ra3 45. Kb6 Bd5 46. Rc8 Ra1 47. Rxb5 Rh1 48. a7 Bf3 49. Rb3 Bd5 50. Rd3 Be4 51. Rd4 Bf3 52. Rc3 Bg2 53. Ra4 1-0


[Site "https://www.chess.com"]

[Event "Titled Tuesday Blitz February 28 Early 2023"]
[White "Liu, Casper"]
[Black "Cabezas Solano, David Alejandro"]
[WhiteFideId "1454153"]
[BlackFideId "6507522"]
[WhiteElo "2221"]
[BlackElo "2030"]
[Result "0-1"]
[Round "11"]
[TimeControl "180+2"]
[Date "2023.02.28"]
[WhiteClock "0:01:49"]
[BlackClock "0:00:19"]

1. d4 Nf6 2. c4 e6 3. Nc3 d5 4. cxd5 exd5 5. Bg5 Be7 6. e3 c6 7. Qc2 O-O 8. Bd3 Nbd7 9. Nge2 Re8 10. O-O Nf8 11. Rae1 g6 12. f3 b5 13. e4 Ne6 14. exd5 Nxg5 15. dxc6 b4 16. Ne4 Ngxe4 17. fxe4 Qb6 18. Bc4 Be6 19. Bxe6 fxe6 20. Qc4 Bd8 21. Nf4 Rc8 22. Rc1 Nxe4 23. Nxe6 Nd2 24. Qd5 Nxf1 25. Rxf1 Qxc6 26. Qxc6 Rxc6 27. d5 Rd6 28. Rc1 Rxd5 29. Nf4 Bb6+ 30. Kh1 Rf5 31. Nd3 a5 32. h3 Rd8 33. Rc6 Rxd3 34. Rxb6 Rf2 35. Kh2 Rdd2 36. Kg3 Rxg2+ 37. Kh4 Rd4# 0-1


[Site "https://www.chess.com"]

[Event "Titled Tuesday Blitz February 28 Early 2023"]
[White "Bochnicka, Vladimir"]
[Black "Bulatova, Kamaliya"]
[WhiteFideId "14943450"]
[BlackFideId "34111546"]
[WhiteElo "2094"]
[BlackElo "2039"]
[Result "1-0"]
[Round "11"]
[TimeControl "180+2"]
[Date "2023.02.28"]
[WhiteClock "0:02:54"]
[BlackClock "0:02:35"]

1. e4 c5 2. Nf3 d6 3. d4 cxd4 4. Nxd4 Nf6 5. Nc3 a6 6. Be3 e5 7. Nb3 Be6 8. f4 b5 9. f5 Bc4 10. Bxc4 bxc4 11. Nd2 d5 12. exd5 Nxd5 13. Nxc4 Qh4+ 14. Bf2 Qxc4 15. Qxd5 Qxd5 16. Nxd5 Kd7 17. Nb6+ 1-0


[Site "https://www.chess.com"]

[Event "Titled Tuesday Blitz February 28 Early 2023"]
[White "Klepikov, Nikita"]
[Black "Ramirez Allo, Eduardo"]
[WhiteFideId "24145220"]
[BlackFideId "2224178"]
[WhiteElo "2025"]
[BlackElo "2445"]
[Result "0-1"]
[Round "11"]
[TimeControl "180+2"]
[Date "2023.02.28"]
[WhiteClock "0:00:13"]
[BlackClock "0:00:51"]

1. e4 c5 2. Nf3 d6 3. d4 cxd4 4. Nxd4 Nf6 5. Nc3 a6 6. Bc4 e6 7. Bb3 Be7 8. g4 h6 9. Be3 b5 10. Qe2 Bb7 11. Bxe6 fxe6 12. Nxe6 Qa5 13. Nxg7+ Kf7 14. Nf5 b4 15. Nd5 Nxd5 16. exd5 Qxd5 17. Rg1 Nc6 18. Rd1 Qxa2 19. Qf3 Ke8 20. Nxd6+ Bxd6 21. Rxd6 Qa1+ 22. Rd1 Qxb2 23. Qe4+ Qe5 24. Qg6+ Ke7 25. Kf1 Rag8 26. Qd3 Rd8 27. Qe2 Rxd1+ 28. Qxd1 Rd8 29. Qc1 Nd4 30. Rg3 Qe4 31. Bxh6 Qh1+ 32. Rg1 Bg2+ 0-1


[Site "https://www.chess.com"]

[Event "Titled Tuesday Blitz February 28 Early 2023"]
[White "Rosenberg, Evan S"]
[Black "Prieto Aranguren, Alain"]
[WhiteFideId "2019299"]
[BlackFideId "2268906"]
[WhiteElo "2438"]
[BlackElo "2209"]
[Result "0-1"]
[Round "11"]
[TimeControl "180+2"]
[Date "2023.02.28"]
[WhiteClock "0:00:14"]
[BlackClock "0:00:29"]

1. d4 g6 2. e4 Bg7 3. Nc3 c6 4. Be3 d5 5. e5 Na6 6. f4 Nh6 7. Qd2 Qb6 8. O-O-O Bf5 9. h3 Nb4 10. Bd3 Bxd3 11. cxd3 Nf5 12. Bf2 h5 13. a3 Na6 14. Nge2 Nc7 15. g4 hxg4 16. hxg4 Rxh1 17. Rxh1 Nh6 18. f5 Nxg4 19. f6 exf6 20. exf6 Bxf6 21. Bg3 Ne6 22. Nf4 Nxd4 23. Re1+ Kf8 24. Kb1 Nf3 25. Qe2 Nxe1 26. Qxe1 Re8 27. Qd2 Qg1+ 28. Ka2 Qxg3 29. Nfxd5 cxd5 30. Nxd5 Qe5 31. Qb4+ Kg8 32. Nc3 Ne3 33. Qa4 Nd5 34. Nd1 Re6 35. Qxa7 Qe2 36. Qa8+ Kg7 37. Qa4 Nc3+ 38. Nxc3 Bxc3 39. Qb3 Qxb2+ 40. Qxb2 Bxb2 41. Kxb2 g5 42. Kc3 g4 43. d4 g3 44. d5 Re1 45. a4 g2 46. a5 g1=Q 47. Kc4 Rc1+ 48. Kb5 Qc5+ 49. Ka4 Ra1+ 50. Kb3 Rb1+ 51. Ka2 Qb4 52. a6 Qb3# 0-1


[Site "https://www.chess.com"]

[Event "Titled Tuesday Blitz February 28 Early 2023"]
[White "Levitan, Caleb Levi"]
[Black "Sreyas Payyappat"]
[WhiteFideId "14332620"]
[BlackFideId "46674969"]
[WhiteElo "1963"]
[BlackElo "2083"]
[Result "0-1"]
[Round "11"]
[TimeControl "180+2"]
[Date "2023.02.28"]
[WhiteClock "0:00:01"]
[BlackClock "0:00:12"]

1. d4 Nf6 2. Bf4 c5 3. d5 e6 4. Nc3 exd5 5. Nxd5 Nxd5 6. Qxd5 Nc6 7. Nf3 d6 8. e4 Be6 9. Qd2 Be7 10. Bb5 O-O 11. O-O a6 12. Be2 d5 13. exd5 Qxd5 14. Rfd1 Rfd8 15. Qe3 Nd4 16. Nxd4 cxd4 17. Qg3 Bf6 18. Bf3 Qb5 19. Bc1 Rac8 20. Be4 Bf5 21. Bxf5 Qxf5 22. Bf4 Rxc2 23. b3 d3 24. Rac1 Rxc1 25. Rxc1 d2 26. Rd1 Qc2 27. Qf3 Bc3 28. Qe2 h6 29. h3 Ba5 30. a4 Bb4 0-1


[Site "https://www.chess.com"]

[Event "Titled Tuesday Blitz February 28 Early 2023"]
[White "Sanchez, Robert"]
[Black "Ardila, Oscar Humberto"]
[WhiteFideId "2034360"]
[BlackFideId "4404742"]
[WhiteElo "2428"]
[BlackElo "1946"]
[Result "1-0"]
[Round "11"]
[TimeControl "180+2"]
[Date "2023.02.28"]
[WhiteClock "0:00:53"]
[BlackClock "0:00:27"]

1. e4 e5 2. Nf3 Nf6 3. Nxe5 d6 4. Nf3 Nxe4 5. Nc3 Nxc3 6. dxc3 Be7 7. Bd3 O-O 8. Be3 Nd7 9. Qd2 Nf6 10. O-O-O c6 11. Kb1 b5 12. h3 Qa5 13. Nd4 Bd7 14. g4 Nd5 15. Nf5 Bxf5 16. Bxf5 Bf6 17. g5 Bxc3 18. Qd3 Qb4 19. Bc1 Be5 20. a3 Qc5 21. Bxh7+ Kh8 22. Be4 Nb6 23. f4 d5 24. fxe5 dxe4 25. Qxe4 Nc4 26. g6 fxg6 27. e6 Rae8 28. Qxg6 Qf5 29. Qxf5 Rxf5 30. Rhe1 Rf6 31. e7 Rf3 32. Rd8 Nd6 33. Rxd6 Kg8 34. Rxc6 Kf7 35. Ra6 Rxh3 36. Rxa7 Rh5 37. Rd7 g5 38. Rd5 Kg6 39. Rxb5 g4 40. Rxh5 Kxh5 41. Bf4 Kg6 42. Bg3 Kf5 43. c4 Kf6 44. b4 Kf5 45. c5 1-0


[Site "https://www.chess.com"]

[Event "Titled Tuesday Blitz February 28 Early 2023"]
[White "Zhukova, Natalia"]
[Black "Hertlein, Irena"]
[WhiteFideId "14101513"]
[BlackFideId "21817618"]
[WhiteElo "2297"]
[BlackElo "1776"]
[Result "0-1"]
[Round "11"]
[TimeControl "180+2"]
[Date "2023.02.28"]
[WhiteClock "0:00:33"]
[BlackClock "0:00:29"]

1. c4 c5 2. Nf3 Nc6 3. d4 cxd4 4. Nxd4 g6 5. e4 Bg7 6. Be3 Nf6 7. Nc3 O-O 8. Be2 d6 9. O-O Nxd4 10. Bxd4 Bd7 11. h3 Bc6 12. Qc2 a5 13. Rad1 a4 14. c5 Qa5 15. cxd6 exd6 16. a3 Rac8 17. Qd3 Rfe8 18. Bf3 Nd7 19. Bxg7 Kxg7 20. Qxd6 Ne5 21. Be2 Rcd8 22. Qb4 Qxb4 23. axb4 f5 24. f4 Nf7 25. e5 g5 26. b5 Bd7 27. g3 gxf4 28. gxf4 Be6 29. Kf2 Bb3 30. Rxd8 Rxd8 31. Ke3 Nh6 32. Bd1 Ng8 33. Bxb3 axb3 34. Rd1 Rc8 35. Rd7+ Kg6 36. Rxb7 Rxc3+ 37. Kd4 Rc2 38. b6 Rxb2 39. Rg7+ Kxg7 40. b7 Rd2+ 0-1


[Site "https://www.chess.com"]

[Event "Titled Tuesday Blitz February 28 Early 2023"]
[White "Bogaudinov, Rushan"]
[Black "Kuchava, Ana"]
[WhiteFideId "4129288"]
[BlackFideId "13605348"]
[WhiteElo "2063"]
[BlackElo "2001"]
[Result "1-0"]
[Round "11"]
[TimeControl "180+2"]
[Date "2023.02.28"]
[WhiteClock "0:01:33"]
[BlackClock "0:00:07"]

1. a3 d5 2. Nf3 Nf6 3. e3 c5 4. b4 e6 5. bxc5 Bxc5 6. d4 Bd6 7. c4 O-O 8. Nc3 a6 9. c5 Bc7 10. Bb2 Nc6 11. Be2 b6 12. cxb6 Bxb6 13. O-O Bd7 14. Na4 Bc7 15. Nc5 Bc8 16. Rc1 Na5 17. g3 Ne4 18. Nxe4 dxe4 19. Nd2 Bb7 20. Qc2 Rc8 21. Qb1 f6 22. a4 f5 23. Ba3 Re8 24. Nc4 Bd5 25. Nxa5 Bxa5 26. Bxa6 Rb8 27. Bb5 Qf6 28. Bd6 Rb7 29. Be5 Qh6 30. Bxe8 Rxb1 31. Rxb1 Kf8 32. Rb8 Bc7 33. Bxc7 Ke7 34. Bd8+ Kd6 35. Rb6+ Bc6 36. Rxc6+ Kd5 37. Rfc1 1-0


[Site "https://www.chess.com"]

[Event "Titled Tuesday Blitz February 28 Early 2023"]
[White "Gutkin, Ilya"]
[Black "Kiseleva, Arina"]
[WhiteFideId "16203470"]
[BlackFideId "4164989"]
[WhiteElo "2265"]
[BlackElo "1756"]
[Result "1-0"]
[Round "11"]
[TimeControl "180+2"]
[Date "2023.02.28"]
[WhiteClock "0:00:06"]
[BlackClock "0:00:02"]

1. e4 c6 2. d4 d5 3. Nc3 dxe4 4. Nxe4 Nf6 5. Nxf6+ exf6 6. Nf3 Bd6 7. Bd3 O-O 8. Be3 a5 9. Qd2 a4 10. O-O Bg4 11. Ne1 Bc7 12. h3 Qd6 13. f4 Bc8 14. Nf3 Nd7 15. Nh4 g6 16. Rae1 b6 17. Nf3 Ba6 18. f5 Bxd3 19. Qxd3 Rfe8 20. fxg6 fxg6 21. Bf2 b5 22. c3 Nb6 23. Nd2 f5 24. Nf3 Nd5 25. Ne5 Nf6 26. Bg3 Nh5 27. Bh2 f4 28. Bxf4 Nxf4 29. Rxf4 Rxe5 30. Rxe5 c5 31. Qe4 cxd4 32. Re8+ Rxe8 33. Qxe8+ Kg7 34. Qf7+ Kh6 35. Rh4+ Kg5 36. Rg4+ Kh6 37. Rxd4 Bb6 38. Qf2 Bxd4 39. Qxd4 Qc6 40. Kf2 g5 41. Kg3 Kg6 42. Kf2 h5 43. Qd3+ Kh6 44. Qd4 h4 45. Qe3 Qd7 46. Qd4 Qf7+ 47. Ke2 Qxa2 48. Qb6+ 1-0


[Site "https://www.chess.com"]